Map: Kairos Junction LE

Players

TiPtOP

  • Race: Terran Terran
  • Spawn Location: 11:00

VOD

Have the link to the VOD?

Description

Time

  • Played on: Aug. 12, 2019, 8:08 a.m.
  • Length: 17:16
Show
View Real Time Build Order
Export as new Build Order

TiPtOP Terran 

Build Orders:  

Get SALT Encoding   

  12  0:01  SCV  
  13  0:18  SCV  
  14  0:26  Supply Depot  
  14  0:35  SCV  
  15  0:56  SCV  
  15  0:57  Refinery  
  16  1:07  Barracks  
  16  1:13  SCV  
  17  1:40  SCV  
  18  1:57  SCV  
  19  2:19  SCV, Command Center  
  20  2:31  Barracks Reactor  
  20  2:36  SCV  
  21  2:50  Barracks  
  20  3:11  SCV  
  21  3:23  Marine x2  
  23  3:48  Supply Depot  
  23  3:57  Barracks Tech Lab  
  23  3:59  Marine x2  
  25  4:07  SCV  
  26  4:10  Orbital Command  
  26  4:11  Supply Depot  
  26  4:31  Marine x2  
  26  4:32  Marauder  
  30  4:41  SCV  
  30  4:42  Supply Depot  
  30  4:48  SCV  
  32  5:05  SCV  
  32  5:09  Marine x2, Marauder  
  37  5:28  SCV  
  38  5:31  SCV  
  38  5:34  Barracks  
  39  5:45  Marine x2, Marauder  
  43  5:52  Stimpack  
  43  6:02  Factory  
  43  6:05  SCV  
  43  6:09  SCV  
  45  6:12  Marine x2  
  45  6:15  Marauder  
  49  6:28  Refinery  
  49  6:29  SCV  
  50  6:31  SCV  
  51  6:56  Marine x2, Marauder  
  55  7:00  Barracks Reactor, Supply Depot  
  55  7:03  Factory Reactor  
  55  7:07  Starport  
  55  7:25  Marine  
  55  7:26  Marine, Marauder  
  59  7:31  Supply Depot  
  59  7:36  SCV  
  60  7:49  Engineering Bay  
  60  7:52  SCV  
  60  7:53  SCV  
  60  7:54  Marine x2  
  60  7:55  Marine x2  
  60  7:56  Marauder  
  68  8:09  SCV  
  69  8:10  SCV  
  70  8:20  Factory Tech Lab  
  70  8:35  SCV x2  
  72  9:02  Medivac  
  72  9:03  Medivac  
  76  9:21  Unknown  
  76  9:28  SCV  
  76  9:29  Refinery  
  58  9:30  SCV  
  78  9:48  Supply Depot  
  78  9:53  Supply Depot  
  78  10:18  SCV x2, Marine x5  
  85  10:20  Supply Depot  
  85  10:23  Siege Tank, Medivac  
  85  10:25  Supply Depot  
  90  10:34  SCV x2, Terran Infantry Weapons Level 1  
  92  10:50  Supply Depot  
  92  10:54  Supply Depot  
  92  11:00  Medivac  
  92  11:05  Marine x3  
  92  11:06  Marine, Marauder  
  92  11:08  Siege Tank  
  103  11:26  Supply Depot  
  103  11:39  Refinery  
  103  11:48  Marine x3  
  103  11:49  Marauder  
  108  11:51  Concussive Shells  
  108  11:57  Siege Tank  
  111  12:18  Marauder  
  113  12:22  Marine x2  
  113  12:23  Marine  
  116  12:43  Siege Tank  
  116  12:48  Marauder  
  121  12:52  Supply Depot  
  121  13:14  Siege Tank  
  121  13:18  Marauder  
  123  13:28  Supply Depot  
  123  13:42  Siege Tank  
  123  13:45  Siege Tank  
  123  13:47  Siege Tank  
  123  13:48  Marauder  
  125  14:00  Supply Depot  
  118  14:20  Siege Tank x3  
  92  14:49  Siege Tank  
  95  14:53  Marine  
  95  14:56  Siege Tank  
  95  14:58  Siege Tank  
  98  15:37  Siege Tank x2  
  98  15:38  Siege Tank  
  90  16:03  Siege Tank x3  
Tags
 
Add a new tag
Caveats
  • Supply blocks, unpowered buildings, or Contaminate may cause inaccurate times.
  • Supply counts are checked every 10 seconds.